 Dungeon Crawl Stone Soup version 0.30-a0-223-gcb0039aa0c (webtiles) character file.

Game seed: 16359061360270187659

180 qw the Chopper (level 5, -9/32 HPs)
             Began as a Gargoyle Fighter on Oct 9, 2022.
             Mangled by an ogre
             ... wielding a +0 giant spiked club
              (18 damage)
             ... on level 4 of the Dungeon.
             The game lasted 00:00:56 (1908 turns).

qw the Chopper (Gargoyle Fighter)                   Turns: 1908, Time: 00:00:56

Health: -9/32      AC: 10    Str: 21    XL:     5   Next: 60%
Magic:  5/5        EV:  9    Int:  9    God:
Gold:   143        SH:  4    Dex:  9    Spells: 4/4 levels left

rFire   . . .      SeeInvis .    Y - +0 war axe (venom)
rCold   . . .      Faith    .    c - +0 buckler
rNeg    + . .      Spirit   .    b - +0 scale mail
rPois   inf        Reflect  .    (no helmet)
rElec   +          Harm     .    (no cloak)
rCorr   .          Rampage  .    (no gloves)
Will    .....                    (no boots)
Stlth   ..........               (no amulet)
HPRegen 0.25/turn                (no ring)
MPRegen 0.09/turn                (no ring)

@: no status effects
A: sickness immunity, AC +4, negative energy resistance 1, electricity
resistance, torment resistance 1, petrification resistance
a: no special abilities


You were on level 4 of the Dungeon.
You visited 1 branch of the dungeon, and saw 4 of its levels.

You collected 143 gold pieces.


Innate Abilities, Weirdness & Mutations

You are immune to sickness and miasma.
Your stone body is resilient. (AC +4)
You are immune to poison.
You resist negative energy. (rN+)
You are resistant to electric shocks. (rElec)
You are resistant to unholy torment.
You are immune to petrification.


   Skills:
 - Level 3.2 Fighting
 - Level 5.0 Axes
 + Level 0.7 Throwing
 - Level 3.2 Armour
 - Level 3.2 Shields


You had 4 spell levels left.
You didn't know any spells.
Your spell library was empty.

Inventory:

Hand Weapons
 f - a +0 whip
 Y - a +0 war axe of venom (weapon)
Missiles
 p - 3 javelins (quivered)
Armour
 b - a +0 scale mail (worn)
 c - a +0 buckler (worn)
Scrolls
 n - a scroll of identify
Potions
 a - a potion of resistance {unknown}
 d - a potion of might
 e - a potion of curing
 g - a potion of brilliance {unknown}
 h - a potion of mutation {unknown}
 i - a potion of cancellation {unknown}
 j - a potion of degeneration {unknown}
 k - a potion of haste {unknown}
 m - a potion of magic {unknown}
 o - a potion of attraction {unknown}
 q - a potion of lignification {unknown}

Dungeon Overview and Level Annotations

Branches:
Dungeon (4/15)
 Temple: D:4-7

Altars:
Kikubaaqudgha


Message History

a +0 dagger; 3 stones; a +0 club
There is a stone staircase leading down here.
You climb downwards.
The adder hisses angrily.
There is a stone staircase leading up here.
An adder is nearby!
Existing waypoints: (1) D:2 (2) D:3 Assign waypoint to what number? (0-9, D - delete waypoint) Waypoint 1 re-assigned from D:2 to D:4.
Throw: 4 javelins
Press: ? - help, Q - select action Shift-Dir - straight line, f - adder You throw a javelin.
The javelin misses the adder.
Throw: 3 javelins
Press: ? - help, Q - select action Shift-Dir - straight line, f/p - adder You throw a javelin.
The javelin pierces through the adder.
The adder is moderately wounded.
You hit the adder.
The adder is poisoned.
The adder is severely wounded.
The adder barely misses you.
You slash the adder!
You kill the adder!
p - 4 javelins (gained 2)
Found a book of the Tundra.
j - a metallic puce potion An ogre comes into view.
It is wielding a +0 giant spiked club.
The ogre shouts!
Throw: 4 javelins
Press: ? - help, Q - select action Shift-Dir - straight line, f - ogre You throw a javelin.
The javelin pierces through the ogre!
The ogre is moderately wounded.
You barely miss the ogre.
The ogre is moderately wounded.
The ogre hits you with a +0 giant spiked club!!
Ouch! That really hurt!
You hit the ogre.
The ogre is poisoned.
The ogre is heavily wounded.
The ogre hits you with a +0 giant spiked club!!
Ouch! That really hurt!
You die...

#.# #.# ##
#.# # .(#.#.#
.#.#. ...
.#.####O###.#
.......@....#
....###.#####
. #.......#
#.#.###.# #
#.#.# #.
#.#.# #.
#...#
#..#.#.#
#..#.#.#####


You could see an ogre (very poisoned).

Vanquished Creatures
  Jessica (D:2)
  Terence (D:2)
  A gnoll (D:3)
  7 adders
  A worm (D:3)
  4 orcs (D:3)
  2 ball pythons
  6 bats
  7 endoplasms
  4 goblins
  9 hobgoblins
  3 kobolds
  4 frilled lizards
  4 rats
54 creatures vanquished.

Notes
Turn   | Place    | Note
-------+----------+-------------------------------------------
     0 | D:1      | qw the Gargoyle Fighter began the quest for the Orb.
     0 | D:1      | Reached XP level 1. HP: 14/14 MP: 1/1
     0 | D:1      | 0 ||| qw: Version: 0.2-a-17-g06abaee
     0 | D:1      | 0 ||| qw: Game counter: 2085
     0 | D:1      | 0 ||| qw: Always use a shield: true
     0 | D:1      | 0 ||| qw: God list: Okawaru
     0 | D:1      | 0 ||| qw: Allow faded altars: false
     0 | D:1      | 0 ||| qw: Do Orc after D:15 true
     0 | D:1      | 0 ||| qw: Do second Lair branch before Depths: true
     0 | D:1      | 0 ||| qw: Lair rune preference: random
     0 | D:1      | 0 ||| qw: Plans: Normal, Zot:1-4, God:TSO, Crypt, Tomb,
                  | Pan, Slime:5, Hells, Abyss, Orb
     0 | D:1      | 0 ||| PLANNING D:1-11
    51 | D:1      | Reached skill level 2 in Axes
   223 | D:1      | Found a faded altar of an unknown god.
   236 | D:1      | Reached XP level 2. HP: 19/19 MP: 2/2
   696 | D:1      | 696 ||| READING scroll labelled BUADAN UWEF.
   705 | D:2      | 705 ||| STAIRDANCE
   713 | D:2      | 713 ||| STAIRDANCE
   772 | D:2      | Noticed Terence
   782 | D:2      | Killed Terence
   783 | D:2      | Reached skill level 3 in Axes
   783 | D:2      | Reached XP level 3. HP: 18/23 MP: 3/3
  1033 | D:2      | Noticed Jessica
  1034 | D:2      | 1034 ||| Stepping ~*~*~tactically~*~*~ (hiding).
  1039 | D:2      | Killed Jessica
  1040 | D:2      | Reached skill level 4 in Axes
  1040 | D:2      | Reached XP level 4. HP: 24/28 MP: 4/4
  1048 | D:2      | 1048 ||| Stepping ~*~*~tactically~*~*~ (stealth).
  1075 | D:2      | 1075 ||| Stepping ~*~*~tactically~*~*~ (stealth).
  1106 | D:2      | Reached XP level 5. HP: 31/32 MP: 5/5
  1209 | D:2      | 1209 ||| READING scroll labelled TUETOM RIN ITZINU.
  1210 | D:2      | 1210 ||| READING scroll labelled CIAQEONG YXEA.
  1251 | D:3      | 1251 ||| STAIRDANCE
  1258 | D:3      | 1258 ||| STAIRDANCE
  1260 | D:3      | 1260 ||| STAIRDANCE
  1480 | D:3      | 1480 ||| Stepping ~*~*~tactically~*~*~ (stealth).
  1489 | D:3      | 1489 ||| FLEEEEING.
  1490 | D:3      | 1490 ||| FLEEEEING.
  1491 | D:3      | 1491 ||| FLEEEEING.
  1492 | D:3      | 1492 ||| FLEEEEING.
  1493 | D:3      | 1493 ||| FLEEEEING.
  1494 | D:3      | 1494 ||| FLEEEEING.
  1495 | D:3      | 1495 ||| FLEEEEING.
  1496 | D:3      | 1496 ||| FLEEEEING.
  1497 | D:3      | 1497 ||| FLEEEEING.
  1498 | D:3      | 1498 ||| FLEEEEING.
  1501 | D:3      | 1501 ||| Stepping ~*~*~tactically~*~*~ (hiding).
  1665 | D:3      | Reached skill level 5 in Axes
  1728 | D:3      | Found an ancient bone altar of Kikubaaqudgha.
  1814 | D:3      | 1814 ||| READING 2 scrolls labelled CEAWOS KILINU.
  1815 | D:3      | 1815 ||| READING scroll labelled QATUAC DUTIASE.
  1816 | D:3      | 1816 ||| READING 2 scrolls labelled INY GASAFYMADD.
  1817 | D:3      | 1817 ||| DRINKING 2 murky puce potions.
  1818 | D:3      | 1818 ||| DROPPING scroll of butterflies.
  1819 | D:3      | 1819 ||| DROPPING scroll of noise.
  1905 | D:4      | Noticed an ogre
  1908 | D:4      | Mangled by an ogre

Levels and vault maps discovered:
D:1:      lightli_arrival_statuegarden, layout_loops_ring,
          shapermc_ecumenical_altar_totnotflames
D:2:      layout_rooms, uniq_terence, uniq_jessica
D:3:      layout_rooms, kiku_gazebo_pond_becter, minmay_bisected
D:4:      layout_basic, minmay_temple_entry_glassed_door

Skill      XL: |  1  2  3  4  5 |
---------------+----------------+-----
Axes           | 2 3 4 5 |  5.0
Fighting       | |  3.2
Throwing       | |  0.7
Armour         | |  3.2
Shields        | |  3.2

Action                   |  1- 3 |  4- 6 || total
-------------------------+-------+-------++-------
Melee: War axe           |    92 |    74 ||   166
Throw: Javelin           |       |    12 ||    12
  Use: Scroll            |     1 |     5 ||     6
       Potion            |       |     1 ||     1
Armor: Scale mail        |    43 |    37 ||    80
Dodge: Dodged            |    40 |    31 ||    71
Block: Buckler           |    16 |    13 ||    29

Table legend:
 A = Non-vault XP
 B = Vault XP
 C = Vault XP percentage of total XP
 D = Non-vault monster count
 E = Vault monster count
 F = Vault count percentage of total count
                 A         B        C        D         E       F
            +---------+---------+-------+---------+---------+-------
      Total |     170 |      88 |  34.1 |      50 |       4 |   7.4
            +---------+---------+-------+---------+---------+-------
        D:1 |      24 |       0 |   0.0 |      15 |       0 |   0.0
        D:2 |      89 |      73 |  45.1 |      20 |       2 |   9.1
        D:3 |      44 |      15 |  25.4 |      14 |       2 |  12.5
        D:4 |      13 |       0 |   0.0 |       1 |       0 |   0.0
            +---------+---------+-------+---------+---------+-------
